[Event "*** Titled Tuesday Blitz"]
[Site "Chess.com"]
[Date "2021.04.20"]
[Round "5"]
[White "Nils_03"]
[Black "BigAl"]
[Result "0-1"]
[WhiteElo "2404"]
[BlackElo "2587"]
[TimeControl "180+1"]
[EndTime "10:56:20 PDT"]
[Termination "BigAl won by resignation"]

1. d4 Nf6 2. c4 g6 3. Nf3 Bg7 4. g3 O-O 5. Bg2 d6 6. O-O Nbd7 7. Nc3 e5 8. e4 c6 9. h3 Qa5 10. Re1 exd4 11. Nxd4 Ne5 12. Bf1 Qb6 13. Nb3 Be6 14. Be3 Qc7 15. Nd2 c5 16. Rc1 a6 17. f4 Nc6 18.
Nd5 Qd8 19. Bg2 Bxd5 20. cxd5 Nd4 21. Nf3 Nxf3+ 22. Qxf3 Re8 23. Bf2 Nd7 24. b3 b5 25.
h4 Rc8 26. Bh3 Rc7 27. h5 c4 28. Bxd7 Qxd7 29. Kg2 cxb3 30. axb3 Rec8 31. Rxc7 Rxc7 32. e5 Rc3 33. Qxc3 dxe5 34. Qc6 Qf5 35. Qe8+ Bf8 36. Qxe5 Qc2 37. d6 Qc6+ 38. Kh2 Qf3 39. Kg1 Qg4 40.
hxg6 hxg6 41. Qe3 Bxd6 42. Qe8+ Bf8 43. Kg2 Qf5 44. Re5 Qc2 45. Qa8 Kg7 46. Re8 Bc5 47. Qf3 Bxf2 48. Qxf2 Qc6+ 49. Qf3 Qxe8 50. Qc3+ Kg8 51.
b4 Qe2+ 52. Kh3 Qc4 53. Qd2 Kg7 54. Qb2+ Kh7 55. Qf6 Qe6+ 56. Qxe6 fxe6 57. Kg4 Kg7 58. Kg5 Kf7 59. g4 Kg7 60. f5 exf5 61. gxf5 gxf5 62.
Kxf5 Kf7 63. Ke5 Ke7 64. Kd5 Kd7 65. Kc5 Kc7 66. Kd5 Kb6 67. Kd4 Kc6 68. Ke5 Kb6 69. Kd4 a5 70. Kc3 a4 71. Kd4 Kc6 72. Ke4 Kd6 73.
Kd4 Ke6 74. Kc3 Kd5 75. Kd3 Ke5 76. Kc3 Ke4 77. Kc2 Kd4 78. Kb2 Kc4 79. Ka3 Kc3 80.
Ka2 Kxb4 0-1

[Event "*** Titled Tuesday Blitz"]
[Site "Chess.com"]
[Date "2021.04.20"]
[Round "5"]
[White "wonderfultime"]
[Black "sokidze"]
[Result "1-0"]
[WhiteElo "2969"]
[BlackElo "2751"]
[TimeControl "180+1"]
[EndTime "10:56:22 PDT"]
[Termination "wonderfultime won by checkmate"]

1. d4 Nf6 2. Nf3 e6 3. Bf4 d5 4.
e3 Bd6 5. Nbd2 O-O 6. c3 c5 7. Bd3 Qc7 8. Bxd6 Qxd6 9. Ne5 Nbd7 10. f4 b6 11. O-O Bb7 12. Rf3 Ne4 13. Rh3 Nxe5 14.
fxe5 Qe7 15. Qh5 h6 16. Bxe4 dxe4 17. Rg3 Kh8 18. Nc4 cxd4 19. exd4 f5 20. exf6 Qxf6 21. h3 Qf5 22. Qg6 Qxg6 23. Rxg6 Rf6 24. Rg3 Bd5 25.
Ne5 Rc8 26. a3 b5 27. Re1 Kh7 28. Rge3 h5 29. Nd7 Rg6 30. Nc5 a5 31. Nxe4 b4 32.
axb4 axb4 33. h4 bxc3 34. bxc3 Rb8 35. Ng5+ Kh6 36. R1e2 Rb1+ 37. Kh2 Rc1 38. Rg3 Rb1 39. Rf2 Rb8 40. Rc2 Rc8 41. Rc1 Rc7 42. Rf1 Rc8 43.
Nf7+ Kh7 44. Ng5+ Kh6 45. Ra1 Rb8 46. Ra7 Rf8 47. Re7 Rc8 48. Rd7 Rf8 49. Rc7 Re8 50.
c4 Ba8 51. Ra7 e5 52. Nf7+ Kh7 53. Rxg6 Kxg6 54. Nxe5+ Kf6 55. Kg3 g5 56. Rf7+ Ke6 57.
hxg5 Rg8 58. Rf6+ Ke7 59. Kf4 Bxg2 60. d5 h4 61. d6+ Kd8 62. Rh6 h3 63. g6 Rf8+ 64. Kg5 Bb7 65. Rxh3 Rg8 66. Kf6 Bc8 67. Rh7 Rf8+ 68. Rf7 Rg8 69. c5 Be6 70. Kxe6 Re8+ 71.
Kd5 Rg8 72. Nc6+ Ke8 73. d7# 1-0

[Event "*** Titled Tuesday Blitz"]
[Site "Chess.com"]
[Date "2021.04.20"]
[Round "5"]
[White "Vaathi_Coming"]
[Black "NTBT_DHS"]
[Result "0-1"]
[WhiteElo "2904"]
[BlackElo "2729"]
[TimeControl "180+1"]
[EndTime "10:56:22 PDT"]
[Termination "NTBT_DHS won by resignation"]

1. Nf3 Nf6 2. b3 g6 3. Bb2 Bg7 4. g3 O-O 5. Bg2 d6 6. d4 Nc6 7.
O-O e5 8. dxe5 Ng4 9. c4 dxe5 10.
Nfd2 f5 11. h3 Nf6 12. Nc3 Be6 13. Na4 Qe7 14. Qc1 Rfd8 15. Ba3 Nb4 16. Bxb7 Rab8 17. Bg2 Bh6 18. Rd1 a5 19. e3 f4 20. exf4 exf4 21.
Nf3 Ne4 22. Re1 fxg3 23. Qxh6 gxf2+ 24. Kh1 fxe1=Q+ 25. Rxe1 Bf5 26. Nc3 Nf2+ 27. Kg1 Qc5 28. Re5 Nxh3+ 29. Kh2 Nf2 30. Kg3 Ng4 31. Rxc5 Nxh6 32.
Rxa5 Nd3 33. Nd5 Be6 34. Ne7+ Kf7 35. Nc6 Nf5+ 36. Kh2 Ra8 37. Ng5+ Kf6 38. Nxe6 Rxa5 39. Nxa5 Re8 40. Nc5 Nf4 41. Ne4+ Kg7 42. Bb2+ Kf7 43. Nc6 h6 44. Ne5+ Kg8 45. Ng4 Rd8 46. Ngf6+ Kf7 47. Bc1 g5 48. Bxf4 gxf4 49. Bf3 Nd4 50. Bh5+ Ke6 51.
Nd5 Ke5 52. Nec3 Ra8 53. b4 Ra3 54. Bd1 c6 55. Kh3 cxd5 56. Bb3 Nxb3 57. Nb5 Rxa2 58. c5 Nxc5 59. bxc5 Ra5 60. Nd6 Rxc5 61. Nf7+ Ke4 62. Nxh6 Rc3+ 63. Kg2 Rc1 64. Ng4 f3+ 65. Kf2 Rc2+ 66.
Kf1 Kf4 67. Nf6 d4 68. Nh5+ Ke3 69. Kg1 f2+ 70. Kg2 Rc1 71. Ng3 Rg1+ 72. Kh2 Rxg3 73. Kxg3 f1=Q 0-1

[Event "*** Titled Tuesday Blitz"]
[Site "Chess.com"]
[Date "2021.04.20"]
[Round "5"]
[White "MalyDominator"]
[Black "barbara25"]
[Result "1/2-1/2"]
[WhiteElo "2450"]
[BlackElo "2317"]
[TimeControl "180+1"]
[EndTime "10:56:23 PDT"]
[Termination "Game drawn by repetition"]

1. e4 c5 2. Nf3 d6 3. d4 cxd4 4. Nxd4 Nf6 5. Nc3 a6 6. Be3 e5 7. Nb3 Be7 8. f3 Be6 9. Qd2 Nbd7 10. O-O-O h5 11. Nd5 Nxd5 12. exd5 Bf5 13. Bd3 Bxd3 14. Qxd3 Rc8 15. Kb1 b5 16. g4 h4 17. Rhg1 Bg5 18.
Qd2 Bxe3 19. Qxe3 Qc7 20. Rg2 Nc5 21. Nd4 g6 22. f4 O-O 23. Nc6 exf4 24. Qxf4 Rfe8 25.
g5 Re4 26. Qf6 Rce8 27. a3 Nd7 28. Qf3 Nb8 29. Rf2 Nxc6 30. dxc6 R8e7 31. Rfd2 R7e6 32. Rf2 Re7 33. Rfd2 R7e6 34. Rxd6 Rxd6 35. Rxd6 Re1+ 36. Rd1 Rxd1+ 37. Qxd1 Qxc6 38. Qd8+ Kg7 39. Qd4+ Kg8 40. Qxh4 Qh1+ 41. Ka2 Qd5+ 42. b3 Qd2 43. Kb2 Qe2 44. Qf4 Kg7 45. h4 Kg8 46. Kb1 Qd1+ 47. Kb2 Qe2 48.
Qf6 Qe4 49. Qxa6 Qd4+ 50. Ka2 Qc3 51. Qa8+ Kg7 52. Qe4 Kh7 53. Qd3 Qc5 54. Kb2 Qe5+ 55.
Qc3 Qf4 56. Qb4 Qe5+ 57. Kb1 Qf5 58. a4 bxa4 59. bxa4 Qf1+ 60. Kb2 Qa6 61. a5 Qe6 62. Qb6 Qe5+ 63. Kb3 Qg3+ 64. c3 Qxh4 65. a6 Qe1 66. Kc4 Qe2+ 67. Kc5 Qe3+ 68. Kc6 Qxc3+ 69. Kb7 Qf3+ 70.
Qc6 Qb3+ 71. Ka8 Qe3 72. a7 Qxg5 73. Kb8 Qd8+ 74. Qc8 Qb6+ 75. Qb7 Qd8+ 76. Qc8 Qb6+ 77. Qb7 Qd8+ 78. Qc8 1/2-1/2

[Event "*** Titled Tuesday Blitz"]
[Site "Chess.com"]
[Date "2021.04.20"]
[Round "5"]
[White "klimkoj"]
[Black "rasmussvane"]
[Result "0-1"]
[WhiteElo "2619"]
[BlackElo "2871"]
[TimeControl "180+1"]
[EndTime "10:56:26 PDT"]
[Termination "rasmussvane won by resignation"]

1. e4 c6 2. d4 d5 3. Nc3 dxe4 4. Nxe4 Nf6 5. Nxf6+ exf6 6. Nf3 Bd6 7. Bd3 O-O 8. O-O Re8 9. c3 Nd7 10. Qc2 Nf8 11. Nd2 Ng6 12. Ne4 Bc7 13. Ng3 Be6 14. b3 Qd7 15. Bd2 Rad8 16. a4 Kh8 17. Rae1 Nf4 18.
Bxf4 Bxf4 19. Nh5 Bc7 20. Bxh7 f5 21. Rxe6 Qxe6 22. Bxf5 Qe2 23. Ng3 Qxc2 24. Bxc2 g6 25. Bd3 Kg7 26. Bc4 a6 27. Ne2 Re7 28. f3 Rde8 29.
Kf2 f5 30. h4 Re3 31. Rd1 f4 32. Bd3 Kf6 33. Be4 R8xe4 34. fxe4 Rxe4 35. Rd3 Kf5 36. c4 Kg4 37. d5 cxd5 38. cxd5 Bd6 39. Ng1 Kxh4 40. Nf3+ Kg4 41. Kf1 g5 42. Nd4 Bb4 43.
Nc2 Bd6 44. Nd4 Re5 45. Nf3 Re3 46. Rxe3 fxe3 47. Ke2 Kf4 48. Ne1 Ke4 49. Nc2 Bc5 50.
d6 Bxd6 51. Nxe3 Be7 52. Nc2 g4 53. Kd2 Bg5+ 54. Ke2 Bf6 55. Ne1 Kd4 56. Kd2 Bg5+ 57. Kc2 Ke3 58. Nd3 Bf6 59. g3 Kf3 60. Nf4 Be5 61.
Ng6 Bxg3 62. Kd3 Bd6 63. Nh4+ Kf2 64. Nf5 Be5 65. Ke4 Bc7 66. Ne3 g3 67. Ng4+ Ke2 68. Ne3 Bb6 69. Ng2 Kf2 70. Nh4 Bd8 71. Nf3 g2 72.
Nh2 g1=Q 0-1

[Event "*** Titled Tuesday Blitz"]
[Site "Chess.com"]
[Date "2021.04.20"]
[Round "5"]
[White "scarabee43"]
[Black "eduardoperalta"]
[Result "1/2-1/2"]
[WhiteElo "2646"]
[BlackElo "2484"]
[TimeControl "180+1"]
[EndTime "10:56:28 PDT"]
[Termination "Game drawn - insufficient material"]

1. d4 Nf6 2. c4 c5 3. d5 g6 4.
Nc3 Bg7 5. e4 d6 6. Nf3 O-O 7. Be2 e5 8. Be3 a6 9. Nd2 Ne8 10. O-O f5 11. f3 Nd7 12. Bf2 f4 13. a3 g5 14. b4 b6 15. bxc5 Nxc5 16. Na4 Rf7 17. Rb1 Rb7 18. Nxc5 bxc5 19. Rxb7 Bxb7 20. Qb3 Bc8 21. Rb1 Ra7 22. Qb8 Qc7 23. h4 h6 24. hxg5 hxg5 25. Rb6 Rb7 26. Qxc7 Rxc7 27.
Rb8 Kf7 28. Bd1 Nf6 29. Nb3 Nd7 30. Ra8 Nb6 31. Rb8 Nxc4 32. Be2 Nxa3 33. Na5 Nc2 34. Nc4 Bf8 35. Rb6 Nd4 36. Bxd4 cxd4 37. Nxd6+ Bxd6 38. Rxd6 Rc2 39. Kf1 a5 40. Ke1 a4 41. Kd1 Rc3 42. Rb6 a3 43. Rb1 d3 44. Bf1 Ba6 45. Rb6 Bc4 46. Rb7+ Ke8 47. Ra7 a2 48. d6 Kd8 49. g4 Rb3 50. Kd2 Rb1 51. Bxd3 a1=Q 52. Rxa1 Rxa1 53. Bxc4 Ra3 54. Be6 Rxf3 55. Bf5 Re3 56.
Be6 Rxe4 57. d7 Rd4+ 58. Ke2 Rxd7 59. Bxd7 Kxd7 60. Kf3 Ke6 61. Ke4 Kf6 62. Kf3 Kf7 63.
Ke4 Ke6 64. Kf3 Kd5 65. Kf2 e4 66. Ke2 Kd4 67. Kf2 e3+ 68. Ke2 Ke4 69. Ke1 Kf3 70.
Kf1 Kxg4 71. Ke2 Kh4 72. Kf3 g4+ 73. Kxf4 g3 74. Kxe3 Kh3 75. Kf3 Kh2 76. Ke2 g2 77. Kf2 g1=N 1/2-1/2

[Event "*** Titled Tuesday Blitz"]
[Site "Chess.com"]
[Date "2021.04.20"]
[Round "5"]
[White "lamomiablanca"]
[Black "federicosellitti"]
[Result "0-1"]
[WhiteElo "2405"]
[BlackElo "2594"]
[TimeControl "180+1"]
[EndTime "10:56:29 PDT"]
[Termination "federicosellitti won on time"]

1. d4 d5 2. Nc3 Nf6 3. Bf4 c6 4.
e3 Bf5 5. f3 e6 6. g4 Bg6 7. h4 h5 8. g5 Nfd7 9. Bd3 Bxd3 10. Qxd3 g6 11. Nge2 Nb6 12. a3 Bd6 13. O-O-O Nc4 14. Bxd6 Qxd6 15. e4 b5 16. exd5 cxd5 17.
Nxb5 Qb6 18. Qb3 O-O 19. Rhe1 Nd7 20. Nbc3 Qc7 21. Na4 Rab8 22. Qc3 Rfc8 23. b3 Nxa3 24. Qxc7 Rxc7 25. Nec3 Nb5 26. Nxb5 Rxb5 27. Kb2 Rc4 28. Nc3 Rb6 29. Ne2 Rc8 30. Ra1 Rb7 31. c3 Nb6 32.
Kc2 Rbc7 33. Kd3 Nd7 34. f4 f6 35. Ra3 e5 36. fxe5 fxe5 37. Rea1 e4+ 38. Ke3 Rxc3+ 39.
Nxc3 Rxc3+ 40. Kd2 Rd3+ 41. Ke2 Rxd4 42. Rd1 Rxd1 43.
Kxd1 d4 44. Rxa7 Ne5 45. Ra4 Nf3 46. Ra7 d3 47. Re7 Nxh4 48. Rxe4 Nf3 49. Re3 Nxg5 50. Rxd3 h4 51. b4 Ne4 52. b5 Nf2+ 53. Ke2 Nxd3 54.
Kxd3 h3 55. b6 h2 56. b7 h1=Q 57. b8=Q+ Kg7 58. Qe5+ Kf7 59. Qc7+ Kf6 60. Qf4+ Kg7 61. Qe5+ Kf7 62. Qc7+ Kf6 63. Qf4+ Ke6 64. Qg4+ Kf6 65. Qd4+ Kf5 66. Qd7+ Kg5 67. Qe7+ Kg4 68. Qe6+ Kh5 69.
Qe5+ Kg4 70. Qe6+ Kg3 71. Qe5+ Kf2 72. Qf4+ Qf3+ 0-1

[Event "*** Titled Tuesday Blitz"]
[Site "Chess.com"]
[Date "2021.04.20"]
[Round "5"]
[White "Sergey85Rodchenkov"]
[Black "731291"]
[Result "0-1"]
[WhiteElo "2504"]
[BlackElo "2688"]
[TimeControl "180+1"]
[EndTime "10:56:30 PDT"]
[Termination "731291 won by resignation"]

1. e4 c5 2. Nf3 e6 3. d3 Nc6 4. g3 d5 5. Nbd2 Nf6 6. Bg2 Be7 7.
O-O b6 8. Re1 Bb7 9. h4 Qc7 10.
exd5 Nxd5 11. Nc4 O-O 12. c3 Rad8 13. Qc2 Rfe8 14. a4 h6 15. Nfe5 Nxe5 16. Nxe5 Bf6 17. Ng4 Be7 18. h5 Bf8 19. Ne5 Bd6 20. Nc4 Bf8 21. Qe2 Nf6 22. Bxb7 Qxb7 23. Bf4 Qd5 24. Ne5 Bd6 25. Rad1 Bxe5 26. Bxe5 Nd7 27. Bc7 Rc8 28. Bf4 e5 29. Bc1 Nf6 30. g4 Rc6 31. c4 Qd7 32. f3 Nh7 33. b3 Rd6 34. Kg2 f6 35. f4 Rde6 36. Qf3 exf4 37. Rxe6 Qxe6 38. Bxf4 Qe2+ 39. Qxe2 Rxe2+ 40. Kf3 Rb2 41. a5 Rxb3 42. axb6 axb6 43. Ke4 Nf8 44. Kd5 Kf7 45. d4 cxd4 46. Rxd4 Ne6 47. Re4 Nc5 48. Re3 Rb1 49. Bc7 Rd1+ 50. Kc6 Ne6 51.
Bxb6 Rc1 52. c5 Rc4 53. Kd6 Rd4+ 54. Kc6 Rxg4 55. Kb5 Rg5 56. Kc4 Rxh5 57. c6 Rh1 58. c7 Nxc7 59. Bxc7 g5 60. Kd5 Kg6 61. Ke6 Rf1 62. Bd8 h5 63. Kd5 h4 64. Ke4 Kh5 65.
Bc7 Kg4 66. Ra3 Re1+ 67. Kd3 f5 68. Kd2 Re6 69. Ra4+ f4 70. Bd8 Rd6+ 71. Ke2 Rxd8 0-1

[Event "*** Titled Tuesday Blitz"]
[Site "Chess.com"]
[Date "2021.04.20"]
[Round "5"]
[White "enriquetejedor"]
[Black "Keks2017"]
[Result "1-0"]
[WhiteElo "2635"]
[BlackElo "2469"]
[TimeControl "180+1"]
[EndTime "10:56:31 PDT"]
[Termination "enriquetejedor won on time"]

1. e4 d6 2. d4 Nf6 3. Nc3 g6 4. f3 c6 5. Be3 Nbd7 6. Qd2 b5 7. O-O-O Qa5 8. Kb1 Bg7 9. Bh6 Bxh6 10. Qxh6 Rb8 11. h4 Nb6 12. h5 Rf8 13. hxg6 hxg6 14. e5 Nfd5 15. Nxd5 Nxd5 16. exd6 exd6 17. Ne2 Be6 18. Nc1 b4 19. Nb3 Qb6 20. Bd3 a5 21. Bxg6 fxg6 22.
Qxg6+ Bf7 23. Qxd6 Ne7 24. Rde1 Rb7 25. Nc5 Ra7 26. Rh6 Qc7 27. Qxc6+ Qxc6 28. Rxc6 Kd8 29. Rf6 Nd5 30. Rd6+ Kc8 31. Kc1 Re7 32. Rxe7 Nxe7 33. Rf6 Nd5 34. Rf5 Ne7 35. Rf4 Nd5 36. Re4 Rh8 37.
a3 Rh1+ 38. Kd2 Rh2 39. Re2 Nf4 40.
Rf2 Bd5 41. axb4 axb4 42. c3 bxc3+ 43. bxc3 Bc4 44. Ne4 Kc7 45. g3 Rxf2+ 46. Nxf2 Nd5 47. Nd3 Nf6 48. Ne5 Bd5 49. c4 Bb7 50. Ke3 Kd6 51.
g4 Ke6 52. Nd3 Ne8 53. Nc5+ Kf6 54. Nxb7 Kg5 55. c5 Nc7 56. Ke4 Kf6 57. d5 Nb5 58. Nd6 Nc3+ 59. Kd4 Ne2+ 60. Kc4 Nf4 61. Ne4+ Ke5 62.
d6 Ke6 63. c6 Ng6 64. d7 Ke7 65. Kb5 Kd8 66. Kb6 Ne5 67. Nc5 Nc4+ 68. Kb7 Na5+ 69.
Kb6 Nc4+ 70. Kb5 Nd6+ 71. Kb4 Kc7 72. Ne6+ 1-0

[Event "*** Titled Tuesday Blitz"]
[Site "Chess.com"]
[Date "2021.04.20"]
[Round "5"]
[White "biostatistician"]
[Black "vugarrasulov"]
[Result "0-1"]
[WhiteElo "2609"]
[BlackElo "2835"]
[TimeControl "180+1"]
[EndTime "10:56:33 PDT"]
[Termination "vugarrasulov won by resignation"]

1. d4 d5 2. Nf3 Nf6 3. c4 dxc4 4. e3 Bg4 5. Bxc4 e6 6. Be2 a6 7. Ne5 Bxe2 8. Qxe2 Bd6 9. Nc4 O-O 10. O-O Nc6 11.
Nc3 e5 12. dxe5 Bxe5 13. Bd2 Qe7 14. Rad1 Rfd8 15. h3 Bxc3 16. Bxc3 Ne4 17. Rd3 Rxd3 18. Qxd3 Rd8 19. Qc2 Qe6 20. b3 Nxc3 21. Qxc3 h6 22. Na5 Nxa5 23. Qxa5 Qc6 24. Qb4 b6 25. a4 a5 26. Qf4 Qc2 27. Qe5 Qxb3 28. Qxc7 Rf8 29. Rc1 h5 30. Rc6 Qxa4 31. Rxb6 Qd1+ 32. Kh2 Qd2 33. Ra6 Qxf2 34. Rxa5 g6 35. Qf4 Qd2 36. Rb5 Re8 37. Rb8 Qd7 38. Rxe8+ Qxe8 39. Kg3 Qe6 40.
Kf3 Qd5+ 41. Qe4 Qd1+ 42. Kf2 Qd6 43. Qf4 Qd2+ 44. Kf3 Qd1+ 45. Kf2 Qd5 46. h4 Qe6 47. g3 Qa2+ 48. Kf3 Qb1 49. Kf2 Qc2+ 50. Kf3 Qd1+ 51. Kf2 Qd2+ 52. Kf3 Qe1 53. Qc4 Qh1+ 54. Kf2 Qh2+ 55.
Kf3 Qg1 56. Qe2 Kg7 57. Qb2+ Kh7 58. Qf2 Qh1+ 59. Qg2 Qb1 60. Qd2 Kh6 61. Kg2 Qe4+ 62. Kh2 Qf5 63. Kg2 Qf6 64. Qf2 Qc6+ 65. Qf3 Qd7 66.
Qf4+ Kg7 67. Qe5+ f6 68. Qf4 Qd5+ 69. Qf3 Qa2+ 70. Qf2 Qe6 71. Qf3 Qd7 72. Qf4 Kf7 73.
Qc4+ Qe6 74. Qc7+ Qe7 75. Qxe7+ Kxe7 76. Kf3 Kd6 77. Ke4 Ke6 78. Kf4 Kd5 79. g4 hxg4 80.
Kxg4 Ke4 81. h5 f5+ 82. Kg5 gxh5 83. Kxh5 Kxe3 0-1

[Event "*** Titled Tuesday Blitz"]
[Site "Chess.com"]
[Date "2021.04.20"]
[Round "5"]
[White "ChessLover0108"]
[Black "zubridis"]
[Result "1-0"]
[WhiteElo "2719"]
[BlackElo "2526"]
[TimeControl "180+1"]
[EndTime "10:56:34 PDT"]
[Termination "ChessLover0108 won on time"]

1. Nf3 Nf6 2. c4 g6 3. b3 Bg7 4.
Bb2 O-O 5. e3 d6 6. d4 e5 7.
dxe5 dxe5 8. Qxd8 Rxd8 9. Bxe5 Nc6 10. Bb2 Nb4 11. Na3 a5 12. Be2 a4 13. O-O Ne4 14. Bxg7 Kxg7 15. Rfc1 axb3 16. axb3 Nd2 17. Rd1 Nxb3 18.
Rxd8 Nxa1 19. Nb5 Nb3 20. h3 Ra1+ 21. Kh2 Bf5 22. Nxc7 Nc6 23. Rd1 Ra2 24. Re1 Nc5 25. Kg1 Bd3 26. Bxd3 Nxd3 27. Rf1 Rc2 28. Ne8+ Kf8 29.
Nd6 b6 30. Ne1 Nxe1 31. Rxe1 Ne5 32. Rb1 Nxc4 33. Nxc4 Rxc4 34. Rxb6 h5 35. g3 Kg7 36.
Kg2 Ra4 37. Rb7 Rc4 38. Rd7 Ra4 39. Rd4 Ra2 40. Kf3 Kf6 41. Rd6+ Kg7 42. Rb6 Rc2 43. g4 hxg4+ 44. hxg4 Ra2 45. Kg3 Ra3 46. Rb4 Ra2 47.
Re4 Ra3 48. f3 Ra2 49. Kf4 Ra5 50. Re5 Ra4+ 51. e4 Ra3 52. g5 Rb3 53. Rd5 Ra3 54. Rd2 Rb3 55. Re2 Ra3 56. Re3 Ra5 57. Kg4 Rb5 58. f4 Rb1 59. Kf3 Rf1+ 60. Kg3 Rg1+ 61. Kf2 Rb1 62. Ra3 Rb2+ 63. Kf3 Rc2 64. Rb3 Rc1 65.
f5 Rf1+ 66. Kg4 Rg1+ 67. Kf4 Rf1+ 68. Ke5 Rg1 69. Kf4 Rf1+ 70. Rf3 1-0

[Event "*** Titled Tuesday Blitz"]
[Site "Chess.com"]
[Date "2021.04.20"]
[Round "5"]
[White "erdni1993"]
[Black "Sanyura"]
[Result "0-1"]
[WhiteElo "2421"]
[BlackElo "2605"]
[TimeControl "180+1"]
[EndTime "10:56:35 PDT"]
[Termination "Sanyura won by checkmate"]

1. e4 c6 2. d4 d5 3. Nd2 dxe4 4. Nxe4 Nf6 5. Nxf6+ exf6 6. c3 Bd6 7. Bd3 O-O 8.
Ne2 Re8 9. O-O h5 10. Bf4 Bg4 11.
Bxd6 Qxd6 12. f3 Be6 13. Qd2 Nd7 14. Rfe1 Nf8 15. Qf4 Qd7 16. Ng3 Ng6 17. Bxg6 fxg6 18. Ne4 Bd5 19. Nc5 Qf7 20. b3 g5 21. Qg3 h4 22. Qg4 Rxe1+ 23. Rxe1 Re8 24. Rxe8+ Qxe8 25. Kf2 b6 26. Nd3 Qe7 27. c4 Bf7 28. Qc8+ Kh7 29. Qxc6 Bg6 30. Ne1 Qa3 31. Qe6 Qb2+ 32. Qe2 Qxd4+ 33. Kf1 a5 34. g3 h3 35. g4 Qd6 36. Qf2 Qd1 37. Qe2 Qb1 38. Kf2 Qa1 39. Kg3 Qd4 40. Kxh3 a4 41. bxa4 Qd7 42. Kg3 Qxa4 43.
Kg2 Qc6 44. Kg3 Qd6+ 45. Kg2 Qd4 46. Kg3 Qf4+ 47. Kg2 Qd6 48. Qe3 Kh6 49. h4 Kh7 50.
hxg5 fxg5 51. Qxg5 Qb4 52. Qe5 Qxc4 53. Qh2+ Kg8 54.
Qb8+ Kh7 55. Qxb6 Qe2+ 56. Qf2 Qe5 57. Qh4+ Kg8 58. Qf2 Qf4 59. Qg3 Qd2+ 60. Qf2 Qd5 61. Kg1 Bf7 62. a4 Qd1 63. Kg2 Qxa4 64. Nd3 Qc6 65.
Ne5 Qf6 66. Nxf7 Qxf7 67. Qe3 Qd5 68. Kg3 Kf7 69. Qf4+ Kg8 70. Qe4 Qd6+ 71. Qf4 Qd1 72. Qb8+ Kh7 73. Kg2 Qe2+ 74. Kg3 Qe1+ 75. Kf4 Qf2 76.
Qb1+ Kh8 77. Qe4 Qh2+ 78. Kg5 Qh6+ 79. Kf5 Qf6# 0-1

[Event "*** Titled Tuesday Blitz"]
[Site "Chess.com"]
[Date "2021.04.20"]
[Round "5"]
[White "kritipatel"]
[Black "TeukkaSalama"]
[Result "0-1"]
[WhiteElo "1740"]
[BlackElo "2383"]
[TimeControl "180+1"]
[EndTime "10:56:35 PDT"]
[Termination "TeukkaSalama won by checkmate"]

1. e4 d5 2. exd5 Qxd5 3. Nc3 Qd8 4. d4 Nf6 5. Bf4 c6 6. Bc4 Bg4 7. f3 Bh5 8. Nge2 e6 9. O-O Be7 10. Ne4 O-O 11. c3 Nbd7 12. N2g3 Bg6 13. Qe2 Nd5 14. Bd2 b5 15. Bb3 a5 16. a4 b4 17. c4 N5f6 18. Bc2 c5 19. Be3 Rc8 20. dxc5 Nxc5 21. Rad1 Qc7 22. Nxc5 Bxc5 23. Bxg6 hxg6 24. b3 Rfd8 25. Kh1 Bxe3 26. Qxe3 Rxd1 27. Rxd1 Rd8 28. Rc1 Qd7 29. h3 Qd2 30. Qxd2 Rxd2 31. c5 Nd5 32. Ne4 Rb2 33. c6 Nc7 34. Nc5 Kf8 35. Rd1 Rc2 36. Rd8+ Ke7 37.
Rd7+ Ke8 38. Rxc7 Rxc5 39. Kh2 Rc3 40. Rc8+ Ke7 41. Rc7+ Ke8 42. Rc8+ Ke7 43. Kg3 Rxb3 44. Rc7+ Kd6 45. Rxf7 Kxc6 46. Rxg7 Ra3 47. Rxg6 Kd5 48. Rg5+ e5 49. Kg4 b3 50. f4 Rxa4 51. Rxe5+ Kc6 52. Re1 b2 53. Rb1 Rb4 54. h4 a4 55. h5 a3 56. h6 a2 57. h7 axb1=Q 58. h8=Q Qd1+ 59. Kg5 Qd5+ 60. f5 Qxg2+ 61. Kf6 Rb6 62.
Qe8+ Kc5+ 63. Kf7 Qd5+ 64. Kg7 Qc6 65. Qe5+ Qd5 66. Qc7+ Rc6 67. Qa5+ Kd4 68. Qd2+ Ke4 69. Qe2+ Kxf5 70. Qh5+ Ke4 71. Qe2+ Kd4 72. Qxb2+ Kc5 73. Qc3+ Kd6 74. Qf6+ Qe6 75. Qf8+ Qe7+ 76. Qxe7+ Kxe7 77. Kh7 Rf6 78. Kg7 Ke6 79. Kh7 Kf7 80. Kh8 Rh6# 0-1

[Event "*** Titled Tuesday Blitz"]
[Site "Chess.com"]
[Date "2021.04.20"]
[Round "5"]
[White "Nikolaj_6"]
[Black "ferch1ni"]
[Result "1/2-1/2"]
[WhiteElo "2609"]
[BlackElo "2442"]
[TimeControl "180+1"]
[EndTime "10:56:36 PDT"]
[Termination "Game drawn - insufficient material"]

1. e4 c5 2. Nf3 Nc6 3. d4 cxd4 4. Nxd4 Nf6 5. Nc3 g6 6. Nxc6 bxc6 7. e5 Nh5 8. Bc4 Qa5 9. Qe2 Ng7 10. Bd2 Ne6 11.
O-O-O Bg7 12. f4 Rb8 13. Kb1 O-O 14. Qf2 d5 15. Nxd5 Qa3 16. Bb3 Qa6 17. Nxe7+ Kh8 18. Nxc8 Rfxc8 19. Bc3 c5 20. Rd6 Qb5 21. Bxe6 fxe6 22.
Rxe6 Qc4 23. Rd6 Qxc3 24. b3 c4 25. Qd2 cxb3 26. axb3 Qc5 27. Rd1 a5 28. Rd5 Qc6 29. Qxa5 Qxc2+ 30. Ka1 Rg8 31. Rd8 Rbxd8 32. Rxd8 Qxb3 33.
Rxg8+ Qxg8 34. Qb5 Qf8 35. g3 h6 36. Kb1 Qe7 37. Kc2 g5 38. Kd3 gxf4 39. gxf4 Qf7 40. Ke4 Qg6+ 41. Kf3 Qe6 42. Qb8+ Kh7 43. Qb1+ Kg8 44.
Qe4 Qh3+ 45. Ke2 Qxh2+ 46. Kd3 Qg3+ 47. Kd4 Qf2+ 48. Kd5 Qa2+ 49. Kd4 Qa4+ 50. Ke3 Qa7+ 51. Kf3 Qd7 52. f5 Qd1+ 53. Kf4 Qf1+ 54. Kg4 Qg1+ 55. Kf4 Qh2+ 56. Kf3 Bxe5 57. Qd5+ Kg7 58. Qd7+ Kh8 59. Qe8+ Kh7 60. Qg6+ Kh8 61. Qe8+ Kg7 62. Qg6+ Kf8 63. Ke4 Qf4+ 64. Kd5 Bg7 65. Qd6+ Qxd6+ 66. Kxd6 h5 67. Kd5 h4 68. Ke4 Be5 69. Kf3 Kf7 70. Kg4 Bg3 71.
Kh3 Kf6 72. Kg2 Kxf5 73. Kh1 Kg4 74. Kg2 Bd6 75. Kh1 Kh3 76. Kg1 Bh2+ 77. Kh1 Bb8 78. Kg1 Kg3 79. Kh1 h3 80. Kg1 Ba7+ 81. Kh1 Bg1 82.
Kxg1 h2+ 83. Kh1 Kf2 84. Kxh2 1/2-1/2

[Event "*** Titled Tuesday Blitz"]
[Site "Chess.com"]
[Date "2021.04.20"]
[Round "5"]
[White "chessdjw"]
[Black "Gerodot71"]
[Result "0-1"]
[WhiteElo "2736"]
[BlackElo "2594"]
[TimeControl "180+1"]
[EndTime "10:56:41 PDT"]
[Termination "Gerodot71 won by resignation"]

1. e4 e5 2. Nf3 Nc6 3. Bb5 a6 4.
Ba4 Nf6 5. O-O Be7 6. Re1 b5 7. Bb3 d6 8. c3 O-O 9. h3 Nb8 10. d4 Nbd7 11. Nbd2 Bb7 12. Bc2 Re8 13. Nf1 Bf8 14. Ng3 g6 15. Bd2 Bg7 16. Qc1 c6 17.
Bg5 Qc7 18. Bh6 Nf8 19. Bxg7 Kxg7 20. Qg5 Ng8 21. Bb3 Ne6 22. Bxe6 Rxe6 23. dxe5 dxe5 24.
Rad1 h6 25. Qe3 Rd8 26. Nh2 Red6 27. Rxd6 Qxd6 28. Nf3 c5 29. Kh2 c4 30. Re2 Qd3 31. Nxe5 Qxe3 32. Rxe3 Rd2 33. b3 Rxa2 34. bxc4 f6 35.
Nd3 bxc4 36. Nc5 Bc8 37. Re1 Rd2 38. Rb1 Ne7 39. Rb8 Rc2 40. Ra8 Rxc3 41. Ra7 Kf8 42. Ne2 Rd3 43. Nf4 Rd6 44. Rc7 c3 45. Nxg6+ Nxg6 46. Rxc8+ Ke7 47. Rc7+ Kd8 48. Rg7 Rc6 49. Nb7+ Kc8 50. Na5 c2 51. Nxc6 c1=Q 52. Nd4 Qf4+ 53. Kg1 Qc1+ 54. Kh2 Ne5 55. Ne6 Qe1 56. f4 Nd3 57. Rc7+ Kb8 58. Rd7 Nf2 59. Nc5 Nxe4 60. Nxa6+ Kc8 61. Rc7+ Kd8 62. Rh7 Qg3+ 63. Kh1 Qxf4 64.
Nc7 Qxc7 65. Rxc7 Kxc7 66. Kg1 Kd6 67. Kf1 Ke5 68. Ke2 Kf4 69. Kf1 Kg3 70. Kg1 f5 71. Kh1 f4 72. Kg1 Nc3 73. Kf1 Nd1 74. Kg1 Ne3 75.
Kh1 Nxg2 76. h4 Ne3 77. h5 f3 78. Kg1 f2+ 0-1

[Event "*** Titled Tuesday Blitz"]
[Site "Chess.com"]
[Date "2021.04.20"]
[Round "5"]
[White "davigator"]
[Black "champ2005"]
[Result "0-1"]
[WhiteElo "2432"]
[BlackElo "2984"]
[TimeControl "180+1"]
[EndTime "10:56:48 PDT"]
[Termination "champ2005 won by resignation"]

1. e4 g6 2. d4 Bg7 3. Nc3 d6 4. Be3 a6 5. Qd2 b5 6. O-O-O Bb7 7. f3 Nd7 8. Kb1 Nb6 9. Bd3 b4 10. Nce2 a5 11. Nc1 e6 12. Nge2 h5 13. h3 h4 14.
Bg5 Ne7 15. Qe1 a4 16. Bxh4 a3 17. b3 Qd7 18. Bg5 Nc6 19. Be3 Qe7 20. Bb5 O-O 21.
Bxc6 Bxc6 22. Qxb4 Rfb8 23. Qd2 Nc4 24. Qc3 Nxe3 25.
Qxe3 Bb5 26. Nc3 Be8 27. h4 c5 28. N1e2 cxd4 29. Nxd4 Rc8 30. Rd3 Rc5 31. g4 Rac8 32.
h5 g5 33. h6 Be5 34. h7+ Kh8 35. Rh5 f6 36. Rh1 Bf7 37. Nce2 Qc7 38. c3 Qb7 39. Rc1 d5 40. Rc2 dxe4 41. Qxe4 Qc7 42. c4 Qe7 43.
Qe3 Bg6 44. Rcd2 Rd8 45. Kc1 Rcc8 46. Rc3 Rd7 47. Kd1 Rcd8 48. Ke1 Qxh7 49. Rc1 Kg8 50. Qg1 Qh4+ 51. Kd1 Qh3 52. Rc3 Qh7 53. Re3 Bf7 54. Red3 Bg6 55. Rc3 Bb1 56. Rc1 Bd3 57. Qe3 Bxe2+ 58. Qxe2 Rxd4 59. Rc2 Qh1+ 60. Qe1 Qxf3+ 61.
Kc1 Qf4 62. Kd1 Rxd2+ 63. Rxd2 Rxd2+ 64. Qxd2 Qxd2+ 65. Kxd2 f5 66. b4 fxg4 67. Ke3 g3 68.
Kf3 g4+ 69. Kg2 Kf7 70. c5 Ke7 71. b5 Kd7 72. Kg1 Kc7 73. Kg2 Bf4 74. Kg1 e5 75. Kg2 e4 76. Kf1 e3 77. b6+ Kc6 78. Ke1 g2 79.
Ke2 g1=Q 80. b7 Qf2+ 81. Kd3 Qd2+ 82. Ke4 Kxb7 83. Kxf4 e2+ 84. Kxg4 e1=Q 85. Kf5 Kc8 86. c6 Qdf2+ 0-1